 Dungeon Crawl Stone Soup version 0.29-a0-393-g47a863cc1b (webtiles) character file.

Game seed: 14308598491709753668

1794 Lekart the Skirmisher (level 8, -6/71 HPs)
             Began as a White Draconian Chaos Knight on May 9, 2022.
             Was a Plaything of Xom.
             Mangled by a 16-headed hydra (8 damage)
             ... on level 7 of the Dungeon.
             The game lasted 00:13:09 (7137 turns).

Lekart the Skirmisher (DrCK)                        Turns: 7137, Time: 00:13:09

Health: -6/71      AC: 10    Str: 15    XL:     8   Next: 82%
Magic:  10/14      EV: 13    Int: 12    God:    Xom [*.....]
Gold:   379        SH:  0    Dex: 15    Spells: 15/15 levels left

rFire   + . .      SeeInvis .   a - +0 falchion (freeze)
rCold   + + +      Faith    .   (no shield)
rNeg    + . .      Spirit   .   (body armour unavailable)
rPois   +          Reflect  .   (helmet restricted)
rElec   .          Harm     .   (no cloak)
rCorr   .          Rampage  +   d - +1 pair of gloves of Hedge Wizardry {Rampage rPois rN+}
Will    +....                   r - +1 pair of boots {Stlth+}
Stlth   +++++.....              (no amulet)
HPRegen 0.21/turn               o - ring of willpower
MPRegen 0.14/turn               q - ring of protection from cold

@: unable to read
A: breathe frost, AC +6, unfitting armour, cold resistance 2, cold-blooded,
stinger 1, thin skeletal structure 1, fire resistance 1, screaming 1, inability
to read while threatened, MP-powered wands
a: Breathe Frost, Renounce Religion


You were on level 7 of the Dungeon.
You worshipped Xom.
You were a special plaything of Xom.
You visited 2 branches of the dungeon, and saw 8 of its levels.

You collected 379 gold pieces.

Inventory:

Hand Weapons
 a - a +0 falchion of freezing (weapon)
 v - a +4 short sword
Missiles
 e - 4 datura-tipped darts
Armour
 d - the +1 pair of gloves of Hedge Wizardry (worn) {Rampage rPois rN+}
   (You acquired it on level 1 of the Dungeon)

   rPois:     It protects you from poison.
   rN:        It protects you from negative energy.
   Rampage:   It bestows one free step when moving towards enemies.
 r - a +1 pair of boots of stealth (worn)
Jewellery
 n - a ring of flight
 o - a ring of willpower (left hand)
 q - a ring of protection from cold (right hand)
 t - a ring of resist corrosion
Wands
 u - a wand of paralysis (4)
Scrolls
 g - a scroll of poison
 l - a scroll of teleportation
 p - 3 scrolls of fear
 w - a scroll of identify
Potions
 c - 4 potions of heal wounds
 f - a potion of haste
 h - 5 potions of curing
 i - a potion of brilliance
 j - 2 potions of might
 k - 4 potions of lignification
 m - a potion of attraction {unknown}
 s - 2 potions of resistance
Miscellaneous
 b - a piece from Xom's chessboard (inert) (quivered)


   Skills:
 * Level 6.7 Fighting
 + Level 6.5 Long Blades
 + Level 4.0 Dodging
 + Level 4.7 Stealth
 * Level 4.4 Spellcasting
 + Level 1.5 Evocations


You had 15 spell levels left.
You didn't know any spells.
Your spell library contained the following spells:

 Spells                   Type           Power      Damage    Failure   Level
 Corpse Rot               Necr/Air       4%         N/A       32%         2
 Poisonous Vapours        Pois/Air       4%         N/A       32%         2
 Static Discharge         Conj/Air       2%         N/A       32%         2
 Call Canine Familiar     Summ           2%         N/A       54%         3
 Gell's Gravitas          Tloc           2%         N/A       54%         3
 Inner Flame              Hex/Fire       2%         N/A       54%         3
 Lesser Beckoning         Tloc           2%         N/A       54%         3
 Portal Projectile        Hex/Tloc       4%         N/A       54%         3
 Teleport Other           Tloc           2%         N/A       54%         3
 Cause Fear               Hex            1%         N/A       91%         4
 Leda's Liquefaction      Hex/Erth       1%         N/A       91%         4
 Lightning Bolt           Conj/Air       1%         1d12      99%         5
 Discord                  Hex            1%         N/A       100%        8
 Maxwell's Capacitive Co  Air            1%         ∞         100%        8


Dungeon Overview and Level Annotations

Branches:
Dungeon (7/15)             Temple (1/1) D:4

Altars:
Ashenzari
Cheibriados
Dithmenos
Elyvilon
Gozag
Hepliaklqana
Kikubaaqudgha
Makhleb
Nemelex Xobeh
Okawaru
Ru
Sif Muna
Trog
Uskayaw
Vehumet
Wu Jian
Xom
Yredelemnul
Zin
The Shining One

Shops:
D:5 [   D:6 =


Innate Abilities, Weirdness & Mutations

You can breathe waves of freezing cold which knock back foes.
Your icy white scales are hard. (AC +6)
You cannot fit into any form of body armour.
Your flesh is very cold resistant. (rC++)
You are cold-blooded and may be slowed by cold attacks.
Your tail ends in a venomous barb.
You have a somewhat thin skeletal structure. (Dex +2, Stealth+)
Your flesh is heat resistant. (rF+)
You occasionally shout uncontrollably at your foes.
You sometimes lose the ability to read scrolls when taking damage.
You expend magic power (3 MP) to strengthen your wands.


Message History

The 15-headed hydra bites you! The 15-headed hydra misses you.
The 15-headed hydra bites you but does no damage.
The 15-headed hydra barely misses you. The 15-headed hydra bites you. x2
The 15-headed hydra bites you but does no damage.
The 15-headed hydra bites you!
You feel threatened and lose the ability to read scrolls!
The 15-headed hydra closely misses you. The 15-headed hydra misses you.
The 15-headed hydra bites you.
You hack one of the 15-headed hydra's heads off!
The 14-headed hydra grows two more!
You slash the 16-headed hydra!
The 16-headed hydra seems to slow down.
You freeze the 16-headed hydra.
The 16-headed hydra is severely wounded.
The quasit bites you but does no damage.
The quasit closely misses you. x3; The quasit barely misses you.
The quasit closely misses you.
You cannot read scrolls in your current state!
Aiming: Paralyse
Press: ? - help, Shift-Dir - straight line, f/p - 16-headed hydra
Aim: a 16-headed hydra (severely wounded, slow, misshapen and mutated, chance to affect: 38%)
You feel a surge of power!
The 16-headed hydra resists with some effort.
The 16-headed hydra bites you!
* * * LOW HITPOINT WARNING * * *
The 16-headed hydra bites you but does no damage.
The 16-headed hydra bites you.
* * * LOW HITPOINT WARNING * * *
The 16-headed hydra bites you.
* * * LOW HITPOINT WARNING * * *
The 16-headed hydra bites you.
* * * LOW HITPOINT WARNING * * *
The 16-headed hydra bites you.
* * * LOW HITPOINT WARNING * * *
The 16-headed hydra misses you.
The 16-headed hydra bites you but does no damage.
The 16-headed hydra closely misses you. The 16-headed hydra bites you.
* * * LOW HITPOINT WARNING * * *
The 16-headed hydra bites you but does no damage.
The 16-headed hydra bites you!
You die...
Xom guffaws!

######'#####.#
##.........##.#
#...........#.#
#.<.........#.#
#........<..#)#
#.........#.#.#
###########.#5#
#5# #@# #D# .D#
.#.# ..#._ #.
... l. ... .#
#.##


You could see a 16-headed hydra (slow, misshapen), a steam dragon, a wyvern
(wandering), a quasit (summoned) and a shadow imp (summoned).

Vanquished Creatures
  Edmund (D:6)
  Duvessa (D:6)
  A sky beast (D:6)
  3 ice beasts (D:6)
  3 centaurs
  Blork the orc (D:4)
  2 necrophages (D:5)
  Dowan (D:6)
  2 howler monkeys
  2 gnoll shamans
  4 hounds
  2 jellies
  2 iguanas
  Natasha (D:2)
  Robin (D:2)
  8 adders
  13 gnolls
  A white imp (D:6)
  3 dart slugs
  4 orcs
  10 ball pythons
  4 bats
  6 endoplasms
  5 giant cockroaches
  11 goblins
  20 hobgoblins
  2 jackals (D:1)
  4 quokkas
  9 kobolds
  7 rats
134 creatures vanquished.

Vanquished Creatures (collateral kills)
  A gnoll (D:4)
1 creature vanquished.

Grand Total: 135 creatures vanquished

Notes
Turn   | Place    | Note
-------+----------+-------------------------------------------
     0 | D:1      | Lekart the Draconian Chaos Knight began the quest for the
                  | Orb.
     0 | D:1      | Reached XP level 1. HP: 19/19 MP: 1/1
    65 | D:1      | XOM: silly message
   257 | D:1      | Reached XP level 2. HP: 24/26 MP: 2/2
   430 | D:1      | XOM: silly message
   442 | D:1      | XOM: noise
   464 | D:1      | Identified a scroll of acquirement
   464 | D:1      | Acquired the +1 pair of gloves of Hedge Wizardry {Rampage
                  | rPois rN+}
   617 | D:1      | Reached XP level 3. HP: 25/33 MP: 3/3
  1045 | D:2      | Noticed Natasha
  1052 | D:2      | Killed Natasha
  1053 | D:2      | Reached XP level 4. HP: 30/40 MP: 3/5
  1140 | D:2      | XOM: 5-stop teleportation journey
  1155 | D:2      | Reached skill level 1 in Spellcasting
  1297 | D:2      | XOM: cloud trail
  1594 | D:2      | XOM is BORED!
  1594 | D:2      | XOM: noise
  1730 | D:2      | Found a faded altar of an unknown god.
  1753 | D:3      | XOM: noise
  1795 | D:3      | Noticed Robin
  1821 | D:2      | Killed Robin
  2056 | D:2      | Reached XP level 5. HP: 35/46 MP: 7/7
  2772 | D:4      | Found an iron altar of Okawaru.
  2772 | D:4      | Noticed Blork the orc
  2772 | D:4      | XOM: 8-stop teleportation journey
  2796 | D:4      | XOM is BORED!
  2796 | D:4      | XOM: 3-stop teleportation journey
  2866 | D:4      | Reached XP level 6. HP: 48/53 MP: 9/9
  2979 | D:4      | Killed Blork the orc
  2980 | D:4      | Reached skill level 1 in Stealth
  3078 | D:4      | Reached skill level 5 in Long Blades
  3101 | D:4      | XOM: give mutations
  3101 | D:4      | Gained mutation: You are weak. (Str -2) [Xom's mischief]
  3101 | D:4      | Gained mutation: Your spells are a little harder to cast,
                  | but a little more powerful. [Xom's mischief]
  3101 | D:4      | Gained mutation: You are very weak. (Str -4) [Xom's
                  | mischief]
  3325 | D:4      | XOM: give mutations
  3325 | D:4      | Gained mutation: Your flesh is heat resistant. (rF+) [Xom's
                  | grace]
  3325 | D:4      | Gained mutation: Your flesh is very heat resistant. (rF++)
                  | [Xom's grace]
  3325 | D:4      | Gained mutation: You have a somewhat thin skeletal
                  | structure. (Dex +2, Stealth+) [Xom's grace]
  3325 | D:4      | Gained mutation: You expend magic power (3 MP) to
                  | strengthen your wands. [Xom's grace]
  3409 | D:4      | Reached skill level 5 in Fighting
  3559 | D:4      | Found a sparkling altar of Nemelex Xobeh.
  3614 | D:4      | Found a staircase to the Ecumenical Temple.
  3714 | D:4      | XOM: god gift: club {god gift}
  3781 | D:4      | XOM: enchant monster (good)
  3802 | D:4      | XOM: summons 2 friendly demons
  3849 | D:4      | XOM: chaos cloud
  3869 | D:4      | XOM is BORED!
  3869 | D:4      | XOM: summons 3 hostile shadow creatures
  3968 | D:4      | Found an ancient bone altar of Kikubaaqudgha.
  3969 | D:4      | Found a burning altar of Makhleb.
  3971 | D:4      | Found a hide-covered altar of Uskayaw.
  3974 | D:4      | Found a glowing silver altar of Zin.
  3977 | D:4      | XOM: cloud trail
  4038 | Temple   | XOM: stealth player
  4038 | Temple   | Entered the Ecumenical Temple
  4114 | D:5      | Entered Level 5 of the Dungeon
  4210 | D:5      | Found Nimnieba's Antique Armour Emporium.
  4273 | D:5      | Your scales start taking on an icy white colour.
  4273 | D:5      | Reached XP level 7. HP: 61/61 MP: 10/10
  4273 | D:5      | Gained mutation: Your flesh is cold resistant. (rC+) [White
                  | Draconian growth]
  4295 | D:5      | XOM: smoke on damage
  4305 | D:5      | XOM: potion effect (brilliance)
  4597 | D:5      | XOM: noise
  4948 | D:5      | XOM: god gift: bubbling coppery potion {god gift}
  5415 | D:5      | XOM: give mutations
  5415 | D:5      | Gained mutation: You sometimes lose the ability to read
                  | scrolls when taking damage. [Xom's mischief]
  5415 | D:5      | Lost mutation: You are very weak. (Str -4) [Xom's mischief]
  5597 | D:6      | Reached skill level 1 in Evocations
  5695 | D:6      | Reached XP level 8. HP: 60/70 MP: 13/13
  5773 | D:6      | Found Fora Loi's Jewellery Shop.
  5978 | D:6      | XOM: 2-stop teleportation journey
  5979 | D:6      | XOM: give mutations
  5979 | D:6      | Lost mutation: Your flesh is very heat resistant. (rF++)
                  | [Xom's mischief]
  5979 | D:6      | Lost mutation: Your spells are a little harder to cast, but
                  | a little more powerful. [Xom's mischief]
  5979 | D:6      | Gained mutation: Your flesh is very cold resistant. (rC++)
                  | [Xom's mischief]
  6001 | D:6      | Noticed Duvessa
  6001 | D:6      | Noticed Dowan
  6012 | D:6      | Killed Dowan
  6018 | D:6      | Killed Duvessa
  6071 | D:6      | XOM: smoke on damage
  6078 | D:6      | XOM: chaos cloud
  6081 | D:6      | XOM: swap monsters
  6082 | D:6      | XOM: silly message
  6305 | D:6      | XOM: torment (41/71 hp)
  6477 | D:6      | XOM: 2-stop teleportation journey
  6560 | D:6      | Noticed Edmund
  6567 | D:6      | XOM: swap monsters
  6571 | D:6      | XOM: give mutations
  6571 | D:6      | Gained mutation: You occasionally shout uncontrollably at
                  | your foes. [Xom's mischief]
  6571 | D:6      | Lost mutation: You are weak. (Str -2) [Xom's mischief]
  6571 | D:6      | Gained mutation: Your tail ends in a venomous barb. [Xom's
                  | mischief]
  6577 | D:6      | XOM: silly message
  6590 | D:6      | Killed Edmund
  6666 | D:6      | XOM: blink monster(s)
  7115 | D:7      | Noticed a four-headed hydra
  7116 | D:7      | XOM: destruction
  7119 | D:7      | XOM: scenery: create altars
  7129 | D:7      | XOM: god gift: 22 gold pieces
  7131 | D:7      | XOM: summons 3 hostile demons
  7137 | D:7      | HP: 2/71 [16-headed hydra (3)]
  7137 | D:7      | Mangled by a 16-headed hydra

Illustrated notes

Levels and vault maps discovered:
D:1:      dpeg_arrival_long_road, layout_rooms
D:2:      layout_loops_ring, shapermc_ecumenical_altar_hornbeckon, uniq_natasha
D:3:      layout_rooms, serial_park_tiny_1, dk_noncrumbling_3, uniq_robin
D:4:      layout_loops_ring, nemelex_diamond_rough_becter, minitemple,
          minmay_temple_entry_offerings, hangedman_abyss_or_decor_stagger,
          uniq_blork_the_orc
D:5:      layout_basic, serial_shops,
          nicolae_shop_temple_entry_statues_fountains
D:6:      layout_gridville, serial_shops, nicolae_square_shop, uniq_duvessa,
          uniq_edmund
D:7:      minmay_clustersquares, layout_basic, serial_shops, kennysheep_mini,
          minmay_misc_feat_nine_boxes, uniq_pikel
Temple:   eino_temple_lava

Skill      XL: |  1  2  3  4  5  6  7  8 |
---------------+-------------------------+-----
Fighting       | 4 5 6 |  6.7
Long Blades    | 4 5 6 |  6.5
Spellcasting   | 1 2 3 4 |  4.4
Stealth        | 1 3 4 |  4.7
Dodging        | 3 4 |  4.0
Evocations     | 1 |  1.5

Action                   |  1- 3 |  4- 6 |  7- 9 || total
-------------------------+-------+-------+-------++-------
Melee: Falchion          |    94 |   266 |   187 ||   547
       Tailslap          |    11 |    32 |    30 ||    73
       Punch             |       |     3 |     4 ||     7
 Abil: Breathe Frost     |       |       |     3 ||     3
Evoke: Piece from Xom's  |       |    17 |    13 ||    30
       Wand              |       |       |     3 ||     3
  Use: Scroll            |     5 |     4 |     8 ||    17
       Potion            |       |     1 |       ||     1
 Stab: Sleeping          |       |     8 |     8 ||    16
       Paralysed         |       |     1 |    20 ||    21
       Petrified         |       |    16 |       ||    16
       Confused          |       |     1 |     4 ||     5
       Petrifying        |       |     1 |       ||     1
Armor: Skin              |    36 |   134 |    74 ||   244
Dodge: Dodged            |    65 |   199 |   106 ||   370

Table legend: (Time is in decaauts)
 A = Elapsed time spent in this place.
 B = Non-inter-level travel time spent in this place.
 C = Inter-level travel time spent in this place.
 D = Time resting spent in this place.
 E = Time spent auto-exploring this place.
 F = Levels seen in this place.
 G = Mean time per level.
                   A        B        C        D        E       F      G
               +--------+--------+--------+--------+--------+-----+--------+
         Total |   7176 |   6933 |    243 |    654 |   4939 |   8 |  897.0 |
       Dungeon |   7107 |   6873 |    234 |    654 |   4887 |   7 | 1015.3 |
        Temple |     69 |     60 |      9 |      0 |     52 |   1 |   69.0 |
               +--------+--------+--------+--------+--------+-----+--------+

Top non-repeatable levels by time:
     D:6: 1473 daAuts
     D:4: 1449 daAuts
     D:5: 1393 daAuts
     D:2: 1104 daAuts
     D:1: 1033 daAuts
     D:3: 556 daAuts
     D:7: 97 daAuts
  Temple: 69 daAuts
